 Dungeon Crawl Stone Soup version 0.28.0-53-g5a82cb258f (webtiles) character file.

Game seed: 12639911383836685203

7 Zeld the Conjurer (level 1, -8/10 HPs)
             Began as a Deep Elf Conjurer on June 11, 2022.
             Killed from afar by Ijyb (11 damage)
             ... with an iceblast
             ... on level 3 of the Dungeon.
             The game lasted 00:00:53 (597 turns).

Zeld the Conjurer (Deep Elf Conjurer)                Turns: 597, Time: 00:00:53

Health: -8/10      AC:  3    Str:  4    XL:     1   Next: 83%
Magic:  6/6        EV: 12    Int: 22    God:
Gold:   55         SH:  0    Dex: 13    Spells: 5/6 levels left

rFire   . . .      SeeInvis .   (no weapon)
rCold   . . .      Faith    .   (no shield)
rNeg    . . .      Spirit   .   a - +0 robe
rPois   .          Reflect  .   e - +0 helmet
rElec   .          Harm     .   (no cloak)
rCorr   .          Rampage  .   (no gloves)
Will    .....                   (no boots)
Stlth   ++........              (no amulet)
HPRegen 0.03/turn               (no ring)
MPRegen 0.10/turn               (no ring)

@: no status effects
A: no striking features
a: no special abilities


You were on level 3 of the Dungeon.
You visited 1 branch of the dungeon, and saw 3 of its levels.

You collected 55 gold pieces.

Inventory:

Armour
 a - a +0 robe (worn)
 e - a +0 helmet (worn)
Scrolls
 b - 3 scrolls of enchant weapon {unknown}
 d - a scroll of fog {unknown}
 g - a scroll of fear {unknown}
Potions
 c - 3 potions of curing {unknown}
 f - a potion of magic {unknown}


   Skills:
 - Level 2.4 Dodging
 - Level 2.4 Stealth
 + Level 3.1 Spellcasting
 + Level 4.4 Conjurations
 * Level 1.0 Hexes
 * Level 0.8 Translocations


You had 5 spell levels left.
You knew the following spells:

 Your Spells              Type           Power      Damage    Failure   Level
a - Magic Dart            Conj           92%        1d7       1%          1

Your spell library contained the following spells:

 Spells                   Type           Power      Damage    Failure   Level
 Searing Ray              Conj           46%        2d6       3%          2
 Dazzling Flash           Conj/Hex       30%        N/A       12%         3
 Fulminant Prism          Conj/Hex       7%         3d7       36%         4
 Iskenderun's Mystic Bla  Conj/Tloc      15%        2d5       38%         4


Dungeon Overview and Level Annotations

Branches:
Dungeon (3/15)

Altars:

Annotations:
D:2 Terence
D:3 Ijyb


Message History

You now have 37 gold pieces (gained 18).
A ball python comes into view.
A ball python is nearby!
A ball python is nearby!
The magic dart hits the ball python.
You kill the ball python!
You can't see any susceptible monsters within range! (Use Z to cast anyway.)
Found a mace.
Found a scale mail.
As you open the door, it creaks loudly!
There is an open door here.
Found a stone staircase leading down.
Terence the Incautious comes into view.
He is wielding a +0 mace.
Casting: Magic Dart (safe; 1% risk of failure)
Confirm with . or Enter, or press ? or * to list all spells.
You don't know that spell.
Terence screams, "I'm going to kill you!"
There is a stone staircase leading down here.
You climb downwards.
Found a scroll labelled INUKKE NUHUOST.
There is a stone staircase leading up here.
Okay, then.
g - a scroll labelled INUKKE NUHUOST You now have 55 gold pieces (gained 18).
Ijyb the Twisted Goblin comes into view.
She is wielding a +0 dagger and carrying a wand of iceblast (7).
Ijyb shouts!
Ijyb screams, "Me very upset!"
You start waiting.
Ijyb is nearby!
Ijyb shouts!
Ijyb zaps a wand.
The mass of ice explodes!
The iceblast engulfs you!
Ouch! That really hurt!
* * * LOW HITPOINT WARNING * * *
Found a dented soapstone amulet.
Found a stone staircase leading down.
Found a stone staircase leading down.
Found a dagger.
Ijyb zaps a wand.
The mass of ice explodes!
The iceblast engulfs you!
Ouch! That really hurt!
You die...

###.#.# ......# #.
....### #. .#### #.# .#
#.# .# #.# .###### #.# #
......###.########>#
............g...@..#
####..........."...>...)
# #..###.##############
####..###.# ....g.....#
.###..##### ......#
#####.# #.#


You could see Ijyb.

Vanquished Creatures
  3 ball pythons
  An endoplasm (D:1)
  A goblin (D:2)
  2 rats (D:1)
7 creatures vanquished.

Vanquished Creatures (others)
  A withered plant (D:3)
1 creature vanquished.

Grand Total: 8 creatures vanquished

Notes
Turn   | Place    | Note
-------+----------+-------------------------------------------
     0 | D:1      | Zeld the Deep Elf Conjurer began the quest for the Orb.
     0 | D:1      | Reached XP level 1. HP: 10/10 MP: 6/6
   328 | D:2      | Reached skill level 1 in Hexes
   397 | D:2      | Noticed Terence
   424 | D:3      | Noticed Ijyb
   597 | D:3      | Killed from afar by Ijyb

Illustrated notes

Levels and vault maps discovered:
D:1:      kennysheep_arrival_seaside, layout_basic, hangedman_glass_teeth
D:2:      layout_basic, serial_shops, shop,
          hangedman_abyss_or_decor_lesser_grid, uniq_terence, uniq_sigmund
D:3:      layout_loops_ring, xom_confusion_cloud, grunt_temple_overflow_open,
          ebering_ecumenical_altar_petrified, uniq_ijyb, uniq_natasha,
          uniq_crazy_yiuf_cottage, uniq_robin

Skill      XL: |  1 |
---------------+----+-----
Hexes          | 1 |  1.0
Dodging        | |  2.4
Stealth        | |  2.4
Spellcasting   | |  3.1
Conjurations   | |  4.4
Translocations | |  0.8

Action                   || total
-------------------------++-------
 Cast: Magic Dart        ||    12
